 Dungeon Crawl Stone Soup version 0.22.1-1-ga44c0e5 (webtiles) character file.

67 suicidejoker the Sneak (level 4, -5/30 HPs)
             Began as an Octopode Assassin on Sept 21, 2018.
             Was an Initiate of Gozag.
             Slain by an ogre
             ... wielding a +0 giant club
              (27 damage)
             ... on level 3 of the Dungeon.
             The game lasted 00:03:09 (1714 turns).

suicidejoker the Sneak (Octopode Assassin)          Turns: 1714, Time: 00:03:10

Health: -5/30      AC:  1    Str: 10    XL:     4   Next: 16%
Magic:  4/4        EV: 13    Int: 13    God:    Gozag
Gold:   103        SH:  0    Dex: 16    Spells: 3/3 levels left

rFire    . . .     SeeInvis .   a - +2 dagger
rCold    . . .     Gourm    .   (no shield)
rNeg     . . .     Faith    .   (helmet restricted)
rPois    .         Spirit   .   (no amulet)
rElec    .         Reflect  .   (no ring)
rCorr    .         Harm     .   (no ring)
MR       .....     Clarity  +   (no ring)
Stlth    +++++.....             (no ring)
HPRegen  0.10/turn              (no ring)
MPRegen  0.09/turn              (no ring)
                                (no ring)
                                (no ring)

@: no status effects
A: almost no armour, stealthy swim, amphibious, 8 rings, constrict 8, camouflage
1, agile 1, clarity, gelatinous body 1, evolution 1
a: Potion Petition, Call Merchant, Bribe Branch, Renounce Religion


You were on level 3 of the Dungeon.
You worshipped Gozag.
Gozag was aware of your devotion.
You were not hungry.

You visited 1 branch of the dungeon, and saw 3 of its levels.

You collected 124 gold pieces.
You paid 21 gold pieces to Gozag.

Inventory:

Hand Weapons
 a - a +2 dagger (weapon)
 b - a +0 blowgun
Missiles
 c - 8 poisoned needles
 d - 2 curare-tipped needles
Scrolls
 g - a scroll of immolation
 i - 2 scrolls of blinking
 l - 2 scrolls of teleportation
Potions
 h - a potion of mutation
 m - a potion of brilliance
 n - a potion of might
 p - a potion of curing {unknown}
Comestibles
 f - 3 rations


   Skills:
 * Level 2.4 Fighting
 - Level 2.0 Short Blades
 - Level 2.0 Throwing
 - Level 1.0 Dodging
 * Level 7.4 Stealth


You had 3 spell levels left.
You didn't know any spells.
Your spell library was empty.

Dungeon Overview and Level Annotations

Branches:
Dungeon (3/15)

Altars:
Gozag
Makhleb


Innate Abilities, Weirdness & Mutations

You cannot wear most types of armour.
You are very stealthy in the water. (Stealth+)
You are amphibious.
You can wear up to eight rings at the same time.
You can use your tentacles to constrict eight enemies at once.
Your skin changes colour to match your surroundings (Stealth+).
Your rubbery body absorbs attacks. (AC +1, EV +1)
You are agile. (Dex +2)
You possess an exceptional clarity of mind.
You evolve.


Message History

The helpless bat fails to defend itself.
You stick the bat like a pincushion!!!
You kill the bat!
No target in view!
No target in view!
No target in view!
No target in view!
No target in view!
No target in view!
No target in view!
No target in view!
An ogre comes into view. It is wielding a giant club.
The ogre shouts!
The ogre hits you with a giant club!
You hit the ogre.
The ogre is lightly wounded.
The ogre hits you with a giant club!!
Ouch! That really hurt!
You die...
Your body crumbles into a pile of gold.

*,,* *,,,,,,,,,,,.........$#
**,,* *,******,,,,,.,*#.(....
#...####*,* ******#.*##.####
###......,,,* ####.###.#
#.......#**** #(.......#
,....%..** ### #.....?..#
*,.....,,** ##.####).......##
**#..<#**.#####..O##..........###
#...# *.......@..#.............
####..#**.#####...##.............
.<...#...#* ##.###........#.###
######,.## #.#.........##.# *,,#
#.#.#.#.....##$# *,,*
#...........##.#
******,,*******###.......!.##.#
,,,,,,,,,,,,,,..........<..##.#
**************#####...#######.#


You could see an ogre.

Vanquished Creatures
  2 adders (D:2)
  2 worms (D:2)
  2 dart slugs (D:1)
  A leopard gecko (D:1)
  6 bats
  A giant cockroach (D:3)
  3 goblins
  7 hobgoblins
  3 ball pythons
  3 frilled lizards
  6 kobolds
  4 rats (D:1)
40 creatures vanquished.

Notes
Turn   | Place    | Note
-------+----------+-------------------------------------------
     0 | D:1      | suicidejoker the Octopode Assassin began the quest for the
                  | Orb.
     0 | D:1      | Reached XP level 1. HP: 14/14 MP: 1/1
    41 | D:1      | Reached XP level 2. HP: 18/19 MP: 2/2
    44 | D:1      | Reached skill level 6 in Stealth
   476 | D:1      | Reached XP level 3. HP: 14/24 MP: 3/3
  1114 | D:2      | Found an opulent altar of Gozag.
  1126 | D:2      | Reached skill level 7 in Stealth
  1131 | D:2      | Became a worshipper of Gozag Ym Sagoz the Greedy
  1175 | D:2      | Reached XP level 4. HP: 17/30 MP: 4/4
  1184 | D:2      | Gained mutation: You evolve. [potion of mutation]
  1184 | D:2      | Gained mutation: You are agile. (Dex +2) [potion of
                  | mutation]
  1184 | D:2      | HP: 1/30 [worm (3)]
  1405 | D:2      | Gained mutation: You possess an exceptional clarity of
                  | mind. [evolution]
  1509 | D:2      | Found a burning altar of Makhleb.
  1709 | D:3      | Noticed an ogre
  1714 | D:3      | Slain by an ogre

Skill      XL: |  1  2  3 |
---------------+----------+-----
Stealth        | 6 7 |  7.4
Fighting       | |  2.4
Short Blades   | |  2.0
Throwing       | |  2.0
Dodging        | |  1.0

Action                   |  1- 3 |  4- 6 || total
-------------------------+-------+-------++-------
Melee: Dagger            |    59 |    16 ||    75
       Constrict         |    12 |     1 ||    13
       Tentacles         |     4 |     1 ||     5
Invok: Potion Petition   |       |     1 ||     1
  Use: Scroll            |       |     8 ||     8
       Potion            |       |     1 ||     1
 Stab: Sleeping          |    11 |     4 ||    15
       Distracted        |     2 |       ||     2
  Eat: Ration            |       |     1 ||     1
Armor: Skin              |     6 |     2 ||     8
Dodge: Dodged            |    39 |    13 ||    52
